 Dungeon Crawl Stone Soup version 0.29-a0-284-gf9362112df (webtiles) character file.

Game seed: 7616793301354116101

253 bande the Covered (level 6, -12/38 HPs)
             Began as a Gargoyle Fighter on Mar 23, 2022.
             Was an Initiate of Okawaru.
             Killed by divine providence
             ... invoked by an orc priest
              (13 damage)
             ... on level 4 of the Dungeon.
             The game lasted 00:06:28 (3315 turns).

bande the Covered (Gargoyle Fighter)                Turns: 3315, Time: 00:06:28

Health: -12/38     AC: 12    Str: 19    XL:     6   Next: 14%
Magic:  5/7        EV:  9    Int:  9    God:    Okawaru [......]
Gold:   162        SH:  4    Dex: 11    Spells: 5/5 levels left

rFire   . . .      SeeInvis .   a - +0 war axe
rCold   . . .      Faith    .   c - +0 buckler
rNeg    + . .      Spirit   .   b - +0 scale mail
rPois   ∞          Reflect  .   (no helmet)
rElec   +          Harm     .   t - +0 cloak
rCorr   .          Rampage  .   (no gloves)
Will    .....                   (no boots)
Stlth   ..........              (no amulet)
HPRegen 0.12/turn               e - ring of flight
MPRegen 0.10/turn               (no ring)

@: on berserk cooldown, flying, hasted and slowed
A: sickness immunity, AC +4, negative energy resistance 1, electricity
resistance, torment resistance 1, petrification resistance
a: Renounce Religion


You were on level 4 of the Dungeon.
You worshipped Okawaru.
Okawaru was noncommittal.
You visited 1 branch of the dungeon, and saw 4 of its levels.

You collected 162 gold pieces.

Inventory:

Hand Weapons
 a - a +0 war axe (weapon)
 p - a +0 flail
Armour
 b - a +0 scale mail (worn)
 c - a +0 buckler (worn)
 m - an orb of light
 r - a +1 chain mail of fire resistance
 t - a +0 cloak (worn)
Jewellery
 e - a ring of flight (left hand)
 n - an amulet of faith
Wands
 g - a wand of iceblast (6)
 v - a wand of mindburst (6)
Scrolls
 k - 2 scrolls of blinking
 u - a scroll of identify
Potions
 d - a potion of might
 f - a potion of haste
 h - a potion of magic {unknown}
 i - a potion of brilliance {unknown}
 j - a potion of berserk rage
 l - a potion of mutation {unknown}
 o - 2 potions of curing
 q - a potion of degeneration {unknown}
 s - a potion of heal wounds {unknown}


   Skills:
 + Level 4.1 Fighting
 + Level 3.9 Axes
 + Level 4.3 Armour
 + Level 3.9 Shields
 * Level 1.4 Invocations
 * Level 0.9 Evocations


You had 5 spell levels left.
You didn't know any spells.
Your spell library contained the following spells:

 Spells                   Type           Power      Damage    Failure   Level
 Petrify                  Tmut/Erth      0%         N/A       100%        4
 Irradiate                Conj/Tmut      0%         3d14      100%        5
 Sublimation of Blood     Necr           Unusable   N/A       N/A         2

Dungeon Overview and Level Annotations

Branches:
Dungeon (4/15)
 Temple: D:4-7

Altars:
Elyvilon
Gozag
Hepliaklqana
Okawaru
Wu Jian


Innate Abilities, Weirdness & Mutations

You are immune to sickness and miasma.
Your stone body is resilient. (AC +4)
You are immune to poison.
You resist negative energy. (rN+)
You are resistant to electric shocks. (rElec)
You are resistant to unholy torment.
You are immune to petrification.


Message History

You slice the orc!!
You kill the orc!
Okawaru accepts your kill.
You slice the orc!!
You kill the orc!
Okawaru accepts your kill.
The orc priest calls down the wrath of Beogh upon you.
Pain shoots through your body! The orc hits you with a +0 mace.
The orc priest calls down the wrath of Beogh upon you.
Beogh smites you!
* * * LOW HITPOINT WARNING * * *
You block the orc priest's attack.
There is an open door, spattered with blood here.
Items here: )) ††††.
You slash the orc priest!
The orc priest is heavily wounded.
You hit the orc. The orc priest completely misses you.
The orc hits you with a +0 mace!
* * * LOW HITPOINT WARNING * * *
You slash the orc priest!
You kill the orc priest!
Okawaru accepts your kill.
You barely miss the orc. You block the orc's attack.
You have reached level 6!
You barely miss the orc. You hit the orc.
You kill the orc!
Okawaru accepts your kill. You block the orc's attack.
You closely miss the orc. You slash the orc!
You kill the orc!
Okawaru accepts your kill.
You are no longer berserk.
You are exhausted.
You feel yourself slow down.
You closely miss the orc. You block the orc's attack.
The orc barely misses you.
The orc priest invokes the aid of Beogh against you.
Beogh smites you!
You die...

.....o ##### .....o
#...###......
#...#........
#...#........
#...#o....... ####
####...#o....... ##≈≈≈
#..'...@oo.# #≈≈≈≈
#.##...##### #≈≈≈≈
#.##...# #≈♣8♣ #.######
#♣...
#.##################.._.
#..................#♣...
#.##........#########♣.♣
####........##########'#
+.....)..............


You could see an orc priest and 3 orcs.

Vanquished Creatures
  An orc priest (D:4)
  A hound (D:4)
  An orc wizard (D:4)
  8 adders
  2 worms
  3 dart slugs
  7 orcs
  4 bats
  6 endoplasms
  5 giant cockroaches
  3 goblins
  7 hobgoblins
  5 jackals
  7 kobolds
  5 quokkas
  2 ball pythons
  5 frilled lizards
  11 rats
83 creatures vanquished.

Notes
Turn   | Place    | Note
-------+----------+-------------------------------------------
     0 | D:1      | bande the Gargoyle Fighter began the quest for the Orb.
     0 | D:1      | Reached XP level 1. HP: 14/14 MP: 1/1
   417 | D:1      | Reached XP level 2. HP: 18/19 MP: 2/2
   500 | D:1      | Found a faded altar of an unknown god.
   769 | D:1      | Reached XP level 3. HP: 24/24 MP: 3/3
  1629 | D:2      | Reached XP level 4. HP: 27/29 MP: 4/4
  2290 | D:3      | Found an iron altar of Okawaru.
  2290 | D:3      | Found an opulent altar of Gozag.
  2290 | D:3      | Found an ornate altar of the Wu Jian Council.
  2290 | D:3      | Found a faded altar of an unknown god.
  2304 | D:3      | Found a white marble altar of Elyvilon.
  2309 | D:3      | Became a worshipper of Warmaster Okawaru
  2407 | D:3      | Reached XP level 5. HP: 33/33 MP: 5/5
  3212 | D:4      | Reached skill level 1 in Invocations
  3231 | D:4      | Found a hazy altar of Hepliaklqana.
  3311 | D:4      | HP: 1/49 [orc/+0 mace (7)]
  3313 | D:4      | Reached XP level 6. HP: 1/38 MP: 5/7
  3315 | D:4      | Killed from afar by an orc priest

Illustrated notes

Levels and vault maps discovered:
D:1:      minmay_arrival_five_plusses, layout_basic, basic_ecumenical_altar
D:2:      layout_basic
D:3:      layout_basic, chequers_temple_overflow_minitemple
D:4:      layout_basic, worldfamousw_hep_ancestral_shrine,
          nicolae_qazlal_style_of_elements, portal_sewer_entry_f,
          kennysheep_generic_room_13, uniq_natasha

Skill      XL: |  1  2  3  4  5 |
---------------+----------------+-----
Axes           | 2 3 |  3.9
Armour         | 4 |  4.3
Fighting       | 4 |  4.1
Invocations    | 1 |  1.4
Shields        | |  3.9
Evocations     | |  0.9

Action                   |  1- 3 |  4- 6 || total
-------------------------+-------+-------++-------
Melee: War axe           |   118 |   173 ||   291
  Use: Scroll            |       |     7 ||     7
       Potion            |       |     3 ||     3
Armor: Scale mail        |    83 |    99 ||   182
Dodge: Dodged            |    67 |   110 ||   177
Block: Buckler           |    20 |    49 ||    69

Table legend: (Time is in decaauts)
 A = Elapsed time spent in this place.
 B = Non-inter-level travel time spent in this place.
 C = Inter-level travel time spent in this place.
 D = Time resting spent in this place.
 E = Time spent auto-exploring this place.
 F = Levels seen in this place.
 G = Mean time per level.
                   A        B        C        D        E       F      G
               +--------+--------+--------+--------+--------+-----+--------+
         Total |   3425 |   3404 |     21 |    713 |   1900 |   4 |  856.2 |
       Dungeon |   3425 |   3404 |     21 |    713 |   1900 |   4 |  856.2 |
               +--------+--------+--------+--------+--------+-----+--------+

Top non-repeatable levels by time:
     D:1: 1442 daAuts
     D:3: 1056 daAuts
     D:2: 648 daAuts
     D:4: 278 daAuts
